 Dungeon Crawl Stone Soup version 0.25-a0-96-g4073cf80fb (webtiles) character file.

Game seed: 10132287346616845764, levelgen mode: deterministic

238 Arum the Ducker (level 6, -2/37 HPs)
             Began as a Tengu Gladiator on Nov 11, 2019.
             Slain by Pikel
             ... wielding a +2 whip of freezing
              (3 damage)
             ... on level 4 of the Dungeon.
             The game lasted 00:06:29 (2604 turns).

Arum the Ducker (Tengu Gladiator)                   Turns: 2604, Time: 00:06:29

Health: -2/37      AC:  5    Str: 18 (20) XL:     6   Next: 7%
Magic:  7/7        EV: 15    Int:  6 (8)  God:
Gold:   124        SH:  0    Dex: 14 (17) Spells: 5/5 levels left

rFire    . . .     SeeInvis .   a - +0 long sword
rCold    . . .     Gourm    +   (no shield)
rNeg     . . .     Faith    .   k - +0 ring mail
rPois    .         Spirit   .   c - +0 hat
rElec    .         Reflect  .   r - scarf {cloud immunity}
rCorr    .         Harm     .   (no gloves)
MR       .....                  (boots unavailable)
Stlth    +.........             t - amulet of the gourmand
HPRegen  0.12/turn              (no ring)
MPRegen  0.10/turn              (no ring)

@: mighty, flying quickly and evasively, quick
A: beak, talons 3, able to fly
a: Stop Flying


You were on level 4 of the Dungeon.
You were completely stuffed.

You visited 1 branch of the dungeon, and saw 4 of its levels.

You collected 124 gold pieces.

Inventory:

Hand Weapons
 a - a +0 long sword (weapon)
Missiles
 d - 3 throwing nets (quivered)
Armour
 b - a +0 leather armour
 c - a +0 hat (worn)
 k - a +0 ring mail (worn)
 r - a scarf of cloud immunity (worn)
Jewellery
 t - an amulet of the gourmand (around neck)
Wands
 y - a wand of flame (13)
Scrolls
 e - 3 scrolls of fog {unknown}
 h - 2 scrolls of amnesia {unknown}
 j - 2 scrolls of enchant armour {unknown}
 l - 4 scrolls of identify {unknown}
 o - 3 scrolls of remove curse {unknown}
 u - 2 scrolls of noise {unknown}
 v - 2 scrolls of teleportation {unknown}
Potions
 g - a potion of haste
 i - a potion of heal wounds
 m - a potion of flight
 s - a potion of magic {unknown}
 w - 2 potions of invisibility {unknown}
 x - a potion of cancellation {unknown}
Comestibles
 f - 6 rations


   Skills:
 + Level 3.5 Fighting
 + Level 4.5 Long Blades
 + Level 3.4 Throwing
 + Level 4.5 Dodging


You had 5 spell levels left.
You didn't know any spells.
Your spell library was empty.

Dungeon Overview and Level Annotations

Branches:
Dungeon (4/15)
 Temple: D:4-7

Altars:
Makhleb
Vehumet

Annotations:
D:4 Pikel


Innate Abilities, Weirdness & Mutations

You have a beak for a mouth.
You have claws for feet.
You can fly continuously.


Message History

You hit Pikel but do no damage.
Pikel is heavily wounded.
Pikel closely misses you.
You riposte.
You closely miss Pikel. Your kick misses Pikel.
Pikel is heavily wounded.
Pikel says, "You'll fetch a fair price!"
Pikel hits you with a +2 whip of freezing.
* * * LOW HITPOINT WARNING * * *
Pikel freezes you.
* * * LOW HITPOINT WARNING * * *
Unknown command.
It was a potion of might.
You feel very mighty all of a sudden. Pikel barely misses you.
You slash Pikel!
Pikel is almost dead.
Pikel hits you with a +2 whip of freezing.
* * * LOW HITPOINT WARNING * * *
Pikel freezes you.
You die...

######
############....#
#.............#.#
#>##########....#
####.######
#.....#####
#.........#
##........^
#.##.####.#
##.#######
#.##.## #.# #.#
#.#.#.###.# #@#
#..###.##.# #K#
#.#.#.###.#


ppp #.##..###.# ..p.. #.........# ....... #.......####.........
#.##.......+.........+ #(#.....####.........# #.#.#..## You could see Pikel and
4 slaves.

Vanquished Creatures
  A crimson imp (D:3)
  2 worker ants (D:4)
  7 adders
  3 worms (D:2)
  5 leopard geckos
  9 orcs (D:3)
  A ball python (D:2)
  4 bats
  4 giant cockroaches
  6 goblins
  8 hobgoblins
  6 jackals (D:2)
  4 kobolds
  2 quokkas (D:4)
  2 frilled lizards
  A jackal skeleton (D:4)
  4 rats
69 creatures vanquished.

Vanquished Creatures (others)
  4 toadstools (D:1)
4 creatures vanquished.

Grand Total: 73 creatures vanquished

Notes
Turn   | Place    | Note
-------+----------+-------------------------------------------
     0 | D:1      | Arum the Tengu Gladiator began the quest for the Orb.
     0 | D:1      | Reached XP level 1. HP: 12/12 MP: 2/2
    73 | D:1      | Reached XP level 2. HP: 17/17 MP: 3/3
   350 | D:1      | You fall into a shaft and drop 1 floor!
   449 | D:2      | Reached XP level 3. HP: 21/22 MP: 4/4
   728 | D:2      | Reached XP level 4. HP: 21/27 MP: 5/5
  1701 | D:3      | Gained mutation: You can fly continuously. [Tengu growth]
  1701 | D:3      | Reached XP level 5. HP: 32/32 MP: 6/6
  1776 | D:3      | Found a faded altar of an unknown god.
  1919 | D:3      | Found a burning altar of Makhleb.
  2112 | D:4      | Found a radiant altar of Vehumet.
  2143 | D:4      | Reached XP level 6. HP: 13/37 MP: 7/7
  2155 | D:4      | HP: 1/37 [poisoned by a worker ant]
  2586 | D:4      | Noticed Pikel
  2586 | D:4      | Noticed a slave
  2586 | D:4      | Noticed a slave
  2586 | D:4      | Noticed a slave
  2586 | D:4      | Noticed a slave
  2604 | D:4      | HP: 1/37 [Pikel/+2 whip of freezing (5)]
  2604 | D:4      | Slain by Pikel

Levels and vault maps discovered:
D:1:      ldierk_walled_garden_2, layout_rooms
D:2:      minmay_door_path, layout_basic
D:3:      layout_basic, makhleb_grotto_becter, chequers_ecumenical_altar_island
D:4:      layout_loops_corners, first_ration, vehumet_altar_wand_db, uniq_pikel

Skill      XL: |  1  2  3  4 |
---------------+-------------+-----
Long Blades    | 4 |  4.5
Dodging        | 4 |  4.5
Fighting       | 3 |  3.5
Throwing       | 3 |  3.4

Action                   |  1- 3 |  4- 6 || total
-------------------------+-------+-------++-------
Melee: Long sword        |    54 |    93 ||   147
       Kick              |    21 |    38 ||    59
       Peck              |    10 |    16 ||    26
 Abil: Fly               |       |     1 ||     1
  Use: Potion            |       |     5 ||     5
  Eat: Chunk             |       |    15 ||    15
Armor: Leather armour    |     3 |       ||     3
       Ring mail         |    12 |    24 ||    36
Dodge: Dodged            |    32 |    78 ||   110
       Rpst.: Long sword |    15 |    27 ||    42

Table legend:
 A = Non-vault XP
 B = Vault XP
 C = Vault XP percentage of total XP
 D = Non-vault monster count
 E = Vault monster count
 F = Vault count percentage of total count
                 A         B        C        D         E       F
            +---------+---------+-------+---------+---------+-------
      Total |     285 |      56 |  16.4 |      65 |       4 |   5.8
            +---------+---------+-------+---------+---------+-------
        D:1 |      27 |       0 |   0.0 |      14 |       0 |   0.0
        D:2 |      69 |       4 |   5.5 |      21 |       2 |   8.7
        D:3 |     117 |      50 |  29.9 |      25 |       1 |   3.8
        D:4 |      72 |       2 |   2.7 |       5 |       1 |  16.7
            +---------+---------+-------+---------+---------+-------
